 Dungeon Crawl Stone Soup version 0.30-a0-916-g9813417 (webtiles) character file.

Game seed: 11792464308196862454

118 Dorkslayer the Shield-Bearer (level 5, 0/33 HPs)
             Began as a Gargoyle Fighter on Apr 17, 2023.
             Slain by a gnoll
             ... wielding a +0 spear
              (3 damage)
             ... on level 3 of the Dungeon.
             The game lasted 00:07:39 (1947 turns).

Dorkslayer the Shield-Bearer (Gargoyle Fighter)     Turns: 1947, Time: 00:07:40

Health: 0/33       AC: 14    Str: 21    XL:     5   Next: 2%
Magic:  5/5        EV:  7    Int:  9    God:
Gold:   181        SH:  4    Dex:  9    Spells: 4/4 levels left

rFire   . . .      SeeInvis .    a - +0 war axe
rCold   . . .      Faith    .    c - +0 buckler
rNeg    + . .      Spirit   .    l - +0 chain mail
rPois   ∞          Reflect  .    (no helmet)
rElec   +          Rampage  .    (no cloak)
rCorr   .                        (no gloves)
Will    .....                    m - +0 pair of boots Stlth
                                 (no amulet)
HPRegen 0.25/turn                (no ring)
MPRegen 0.09/turn                (no ring)

@: no status effects
A: sickness immunity, AC +4, negative energy resistance 1, electricity
resistance, torment resistance 1, petrification resistance
a: no special abilities


You were on level 3 of the Dungeon.
You visited 1 branch of the dungeon, and saw 3 of its levels.

You collected 181 gold pieces.

Inventory:

Hand Weapons
 a - a +0 war axe (weapon)
Missiles
 f - 2 throwing nets
 h - 5 boomerangs (quivered)
Armour
 c - a +0 buckler (worn)
 l - a +0 chain mail (worn)
 m - a +0 pair of boots (worn)
Scrolls
 b - 2 scrolls of blinking {unknown}
 e - a scroll of enchant weapon {unknown}
 g - a scroll of fear {unknown}
 i - 3 scrolls of identify {unknown}
 j - a scroll of teleportation {unknown}
 o - a scroll of poison {unknown}
 q - a scroll of acquirement {unknown}
 r - a scroll of magic mapping {unknown}
Potions
 d - 2 potions of mutation {unknown}
 k - 3 potions of resistance {unknown}
 n - a potion of curing {unknown}
 p - a potion of cancellation {unknown}


   Skills:
 + Level 4.0 Fighting
 + Level 2.5 Axes
 + Level 4.0 Armour
 + Level 1.3 Dodging
 + Level 4.0 Shields


You had 4 spell levels left.
You didn't know any spells.
Your spell library contained the following spells:

 Spells                   Type           Power      Damage    Failure   Level
 Kiss of Death            Conj/Necr      0%         2d5       99%         1
 Confusing Touch          Hex            0%         N/A       100%        3
 Dispel Undead            Necr           0%         3d6       100%        4


Dungeon Overview and Level Annotations

Branches:
Dungeon (3/15)

Altars:
Makhleb
Zin


Innate Abilities, Weirdness & Mutations

You are immune to sickness and miasma.
Your stone body is resilient. (AC +4)
You are immune to poison.
You resist negative energy. (rN+)
You are resistant to electric shocks. (rElec)
You are resistant to unholy torment.
You are immune to petrification.


Message History

The gnoll hits you but does no damage. You block the gnoll's attack.
You closely miss the gnoll.
The gnoll is moderately wounded.
The gnoll hits you from afar with a +0 spear.
The gnoll hits you but does no damage.
You hit the gnoll.
The gnoll is moderately wounded.
The gnoll hits you but does no damage. x2; The gnoll closely misses you.
You block the gnoll's attack.
You slash the gnoll!
You kill the gnoll!
The gnoll hits you but does no damage.
Your Fighting skill increases to level 4!
Your Armour skill increases to level 4!
You have reached level 5!
Throw: 5 boomerangs
Press: ? - help, Q - select action, (/) - cycle Shift-Dir - straight line, f - gnoll
Aim: a gnoll, wielding a +0 spear (60% to hit)
Okay, then.
The gnoll hits you but does no damage. x2
You slash the gnoll!
The gnoll is almost dead.
The gnoll hits you with a +0 spear.
The gnoll hits you from afar with a +0 spear.
You closely miss the gnoll.
The gnoll is severely wounded.
The gnoll hits you but does no damage. The gnoll closely misses you.
You block the gnoll's attack. The gnoll hits you with a +0 spear.
You hit the gnoll but do no damage.
The gnoll is severely wounded.
The gnoll hits you but does no damage. x2
You hit the gnoll but do no damage.
The gnoll is severely wounded.
The gnoll hits you with a +0 spear.
* * * LOW HITPOINT WARNING * * *
The gnoll hits you but does no damage.
The gnoll hits you from afar with a +0 spear.
* * * LOW HITPOINT WARNING * * *
The gnoll hits you with a +0 spear.
You die...

.## #. ..... .#
. ..#.## .#.###
....##.#.... .
......... ...
.......
.....###..#.# .
.....gg@....#
...
.#...####.###..#
..............#
. ...####.###.#
#.# #.# #.# #.#
##. ... #.#


You could see 2 gnolls.

Vanquished Creatures
  5 gnolls
  3 adders
  A dart slug (D:2)
  An orc (D:3)
  3 endoplasms
  2 giant cockroaches
  5 hobgoblins
  A quokka (D:1)
  7 ball pythons
  A bat (D:2)
  A frilled lizard (D:1)
  5 goblins
  4 kobolds
  4 rats
  4 toadstools (D:3)
47 creatures vanquished.

Vanquished Creatures (others)
  10 fungi (D:3)
10 creatures vanquished.

Grand Total: 57 creatures vanquished

Notes
Turn   | Place    | Note
-------+----------+-------------------------------------------
     0 | D:1      | Dorkslayer the Gargoyle Fighter began the quest for the
                  | Orb.
     0 | D:1      | Reached XP level 1. HP: 14/14 MP: 1/1
   365 | D:1      | Reached XP level 2. HP: 16/19 MP: 2/2
   988 | D:2      | Reached XP level 3. HP: 8/23 MP: 3/3
   999 | D:2      | Reached skill level 1 in Dodging
  1005 | D:2      | Reached XP level 4. HP: 12/29 MP: 4/4
  1398 | D:2      | Identified the +4 ring mail of Philately {rPois rC- rN+
                  | MP+9}
  1714 | D:3      | Noticed a green death
  1715 | D:3      | Found a burning altar of Makhleb.
  1718 | D:3      | Found a glowing silver altar of Zin.
  1718 | D:3      | Noticed an angel
  1942 | D:3      | Reached XP level 5. HP: 17/33 MP: 5/5
  1947 | D:3      | Slain by a gnoll

Illustrated notes

Levels and vault maps discovered:
D:1:      scummos_arrival_forest, layout_basic
D:2:      layout_rooms, grunt_decor_one_mirror, hangedman_decor_opposing
D:3:      layout_basic, grunt_temple_overflow_order_and_chaos_2,
          serial_aquarium, aquarium_bridge_long_separate
          [aquarium_subvault_bridge, aquarium_subvault_bridge,
          aquarium_subvault_window, aquarium_subvault_wall,
          aquarium_subvault_bridge, aquarium_subvault_bridge],
          aquarium_window_fake, aquarium_window_1, aquarium_window_corridor_3,
          aquarium_window_1, aquarium_view_2b, aquarium_balcony_3b,
          minmay_gold_behind_fungi

Skill      XL: |  1  2  3  4 |
---------------+-------------+-----
Axes           | 2 |  2.5
Dodging        | 1 |  1.3
Shields        | 4 |  4.0
Fighting       | 4 |  4.0
Armour         | 4 |  4.0

Action                     |  1- 3 |  4- 6 || total
---------------------------+-------+-------++-------
  Melee: War axe           |    76 |    57 ||   133
  Throw: Boomerang         |       |     1 ||     1
    Use: Potion            |     1 |       ||     1
 Armour: Scale mail        |    34 |    15 ||    49
         Chain mail        |       |    23 ||    23
  Dodge: Dodged            |    47 |    13 ||    60
  Block: Buckler           |    18 |    18 ||    36

Table legend: (Time is in decaauts)
 A = Elapsed time spent in this place.
 B = Non-inter-level travel time spent in this place.
 C = Inter-level travel time spent in this place.
 D = Time resting spent in this place.
 E = Time spent auto-exploring this place.
 F = Levels seen in this place.
 G = Mean time per level.
                   A        B        C        D        E       F      G
               +--------+--------+--------+--------+--------+-----+--------+
         Total |   2004 |   2004 |      0 |      0 |    856 |   3 |  668.0 |
       Dungeon |   2004 |   2004 |      0 |      0 |    856 |   3 |  668.0 |
               +--------+--------+--------+--------+--------+-----+--------+

Top non-repeatable levels by time:
     D:1: 976 daAuts
     D:3: 531 daAuts
     D:2: 496 daAuts
